 Dungeon Crawl Stone Soup version 0.16.2-12-gd0ad4c3 (webtiles) character file.

135 SlimeFever the Shield-Bearer (level 5, 0/41 HPs)
             Began as a Human Fighter on Sept 29, 2015.
             Killed by divine providence
             ... invoked by an orc priest
              (17 damage)
             ... on level 3 of the Dungeon.
             The game lasted 00:18:58 (1679 turns).

SlimeFever the Shield-Bearer (Human Fighter)        Turns: 1679, Time: 00:18:58

Health: 0/41       AC:  7    Str: 17    XL:     5   Next: 41%
Magic:  5/5        EV:  7    Int:  8    God:
Gold:   77         SH:  9    Dex: 13    Spells: 0 memorised, 4 levels left

rFire  . . .     SeeInvis .     a - +0 war axe
rCold  . . .     Clarity  .     k - +0 scale mail
rNeg   + . .     SustAb   .     c - +0 shield
rPois  .         Gourm    .     (no helmet)
rElec  .         Spirit   .     (no cloak)
rCorr  .         Warding  .     (no gloves)
rMut   .         Stasis   .     (no boots)
MR     .....                    (no amulet)
Stlth  ..........               (no ring)
                                y - ring of positive energy

@: not resistant to hostile enchantments, extremely unstealthy
A: no striking features
a: no special abilities


You were on level 3 of the Dungeon.
You were not hungry.

You visited 1 branch of the dungeon, and saw 3 of its levels.

You collected 77 gold pieces.

Inventory:

Hand weapons
 a - a +0 war axe (weapon)
 b - a +0 hunting sling
 n - a +0 hand axe
 r - a cursed -2 dagger
 v - a +0 short sword
Missiles
 f - 96 stones
 i - 8 poisoned needles
 j - 13 silver sling bullets
 m - 12 bolts
 t - 21 arrows
 A - 22 sling bullets
 B - 4 javelins (quivered)
Armour
 c - a +0 shield (worn)
 k - a +0 scale mail (worn)
 z - a +0 ring mail
Jewellery
 y - a ring of positive energy (left hand)
Magical devices
 D - a wand of confusion (21)
Scrolls
 h - a scroll of identify
 p - a scroll of amnesia
 x - a scroll of remove curse
 C - a scroll of enchant weapon {unknown}
Potions
 e - a potion of might
 g - 2 potions of haste {unknown}
 l - a potion of ambrosia {unknown}
 o - a potion of curing
 q - a potion of flight
 s - a potion of invisibility {unknown}
Comestibles
 d - 2 meat rations
 u - 4 fruits
 w - 2 bread rations


   Skills:
 + Level 3.5 Fighting
 + Level 2.6 Axes
 + Level 1.5 Throwing
 + Level 3.8 Armour
 + Level 4.0 Shields


You had 4 spell levels left.
You didn't know any spells.

Dungeon Overview and Level Annotations

Branches:
Dungeon (3/15)

Altars:


Message History

g - 2 white potions (gained 1)
An orc comes into view. It is wielding a trident.
The orc throws a tomahawk.
The tomahawk hits you but does no damage.
Things that are here:
a tomahawk; a scroll of identify The orc throws a tomahawk.
You block the tomahawk.
You see here a tomahawk.
The orc throws a tomahawk.
The tomahawk completely misses you.
You see here a tomahawk.
The orc throws a tomahawk.
The tomahawk closely misses you.
Found a glowing war axe.
You see here a tomahawk.
An orc priest comes into view. It is wielding a club.
The orc priest's eyes start to glow.
You see here a tomahawk.
You see here a tomahawk.
The orc priest invokes the aid of Beogh against you.
Something smites you!
You die...

## #. #. .#.###.
.).#.#...
########.....#.#.##
#.@(o...o..>.#.#.#
#(##########.#.#.#
######..####....#.#.#.##
#............##.#.#.#...
#.......#....#..#.#.###.
#.......#..)###.#.#†....
#............†......##..
#########...###.....##..
#...# #.....##..


You could see an orc priest and an orc.

Vanquished Creatures
  Jessica (D:3)
  5 adders
  A giant mite (D:1)
  A giant gecko (D:1)
  An ooze (D:1)
  4 giant cockroaches
  6 goblins
  4 hobgoblins (D:1)
  6 jackals (D:3)
  12 bats
  5 giant newts
  4 kobolds
  21 rats
71 creatures vanquished.

Notes
Turn   | Place    | Note
--------------------------------------------------------------
     0 | D:1      | SlimeFever, the Human Fighter, began the quest for the Orb.
     0 | D:1      | Reached XP level 1. HP: 18/18 MP: 1/1
    40 | D:1      | Reached XP level 2. HP: 18/24 MP: 2/2
   202 | D:1      | Reached XP level 3. HP: 29/29 MP: 3/3
   832 | D:2      | Reached XP level 4. HP: 35/35 MP: 4/4
  1503 | D:3      | Reached skill level 1 in Throwing
  1594 | D:3      | Reached XP level 5. HP: 23/41 MP: 5/5
  1618 | D:3      | Noticed Jessica
  1648 | D:3      | Killed Jessica
  1648 | D:3      | Reached skill level 4 in Shields
  1679 | D:3      | Killed from afar by an orc priest

Action                   |  1- 3 |  4- 6 || total
-------------------------+-------+-------++-------
Melee: War axe           |   109 |    69 ||   178
Throw: Stone             |    22 |    40 ||    62
       Javelin           |       |     9 ||     9
  Use: Scroll            |     3 |     3 ||     6
       Potion            |     1 |       ||     1
  Eat: Bread ration      |       |     1 ||     1
